[Event "*** Titled Tuesday Blitz"]
[Site "Chess.com"]
[Date "2019.06.04"]
[Round "7"]
[White "ChessWeebs"]
[Black "Polish_fighter3000"]
[Result "1/2-1/2"]
[WhiteElo "2795"]
[BlackElo "3009"]
[TimeControl "180+2"]
[EndTime "14:41:42 PDT"]
[Termination "Game drawn by 50-move rule"]

1. d4 e6 2. Nf3 Nf6 3. c4 b6 4. g3 Ba6 5. Qa4 Bb7 6. Bg2 c5 7. dxc5 bxc5 8. O-O Be7 9. Nc3 O-O 10. Rd1 Qb6 11. Rb1 Rd8 12. Be3 Bc6 13. Qc2 Qb7 14.
a3 h6 15. h3 Na6 16. Bf4 d6 17. Rd2 Rd7 18. Rbd1 Rad8 19. h4 Nc7 20. Ne1 Bxg2 21. Nxg2 d5 22. Bxc7 Rxc7 23. cxd5 exd5 24. e3 Rcc8 25.
Nf4 d4 26. exd4 cxd4 27. Rxd4 Rxd4 28. Rxd4 Bc5 29. Rd2 Re8 30. Ncd5 Re1+ 31. Kg2 Bd6 32. f3 Bxf4 33. Nxf4 g5 34. hxg5 hxg5 35. Re2 Ra1 36. Nd3 g4 37. Ne5 gxf3+ 38. Nxf3 Qd5 39. Qd2 Rb1 40.
Qxd5 Nxd5 41. Nd4 Nb6 42. b3 Kg7 43. Kf3 Nd5 44. Re5 Nc3 45. Rc5 Na2 46. b4 Nc1 47. Rc3 Na2 48. Rc2 Nc1 49. Ke3 Nb3 50. Nc6 a6 51.
Rc3 Re1+ 52. Kf2 Rb1 53. Ke2 Nc1+ 54. Kd2 Na2 55. Rc2 Rg1 56. Nb8 Rxg3 57. Nxa6 Rxa3 58.
b5 Rb3 59. Rxa2 Rxb5 60. Kc3 Rg5 61. Nb4 Kg6 62. Kd4 Rg4+ 63. Kc5 f5 64. Nd5 Kg5 65. Kd6 Re4 66. Rg2+ Kh4 67. Nf6 Re1 68. Nd5 Re4 69. Rg8 f4 70. Nf6 Ra4 71. Ke5 f3 72.
Ne4 Ra7 73. Kf4 Rf7+ 74. Ke3 Kh5 75. Kf2 Rf4 76. Nd2 Rg4 77. Rh8+ Kg6 78. Nxf3 Ra4 79. Kg3 Kf5 80. Rh5+ Kg6 81. Rd5 Kf6 82. Nd2 Rb4 83. Kf3 Ke6 84. Rd8 Ke5 85. Re8+ Kd4 86. Ne4 Rb1 87.
Ng3 Rb2 88. Ne2+ Kd5 89. Nf4+ Kd4 90. Rd8+ Kc4 91. Ke4 Rb7 92. Rc8+ Kb5 93. Nd5 Rh7 94. Nc3+ Kb4 95. Kd4 Rh4+ 96. Ne4 Kb5 97. Rc5+ Kb6 98.
Rg5 Kc6 99. Ke5 Kb5 100. Kd5 Kb6 101. Nd6 Rh1 102. Nc8+ Kc7 103. Ne7 Kb6 104. Kd6 Rd1+ 105. Nd5+ Kb5 106. Rg4 Rd2 107. Rb4+ Ka5 108. Rb1 Rc2 109. Ne3 Rc3 110. Nf5 Ka4 111. Nd4 Rc8 112. Nc6 Ka3 113. Kd5 Rh8 114. Ne5 Rd8+ 115. Kc4 Ka2 116. Rb7 Rc8+ 117. Kd3 Rc1 118. Nc4 Ka1 119. Nd2 Ka2 120. Nc4 Ka1 121. Ra7+ Kb1 122. Ne3 Kb2 123. Rb7+ Ka2 124. Kd2 Rc8 125. Nd1 Ka3 126. Nc3 Rh8 127. Ne4 Ka4 128. Nc5+ 1/2-1/2

[Event "*** Titled Tuesday Blitz"]
[Site "Chess.com"]
[Date "2019.06.04"]
[Round "8"]
[White "GadimbayliA"]
[Black "enriquetejedor"]
[Result "1-0"]
[WhiteElo "2839"]
[BlackElo "2549"]
[TimeControl "180+2"]
[EndTime "14:46:50 PDT"]
[Termination "GadimbayliA won by resignation"]

1. e4 c5 2. Nf3 d6 3. d4 cxd4 4. Nxd4 Nf6 5. Nc3 a6 6. g3 b5 7. Bg2 Bb7 8. a4 b4 9. Nd5 a5 10. O-O Nfd7 11. Bg5 h6 12. Ne6 hxg5 13. Ndc7+ Qxc7 14. Nxc7+ Kd8 15. Nxa8 Bxa8 16. Qd2 g4 17. c3 Nc6 18.
cxb4 Nxb4 19. Rac1 g6 20. Qd4 e5 21. Qa7 Bc6 22.
Qxa5+ 1-0

[Event "*** Titled Tuesday Blitz"]
[Site "Chess.com"]
[Date "2019.06.04"]
[Round "8"]
[White "kintoho"]
[Black "SergeiAza"]
[Result "0-1"]
[WhiteElo "2548"]
[BlackElo "2767"]
[TimeControl "180+2"]
[EndTime "14:47:02 PDT"]
[Termination "SergeiAza won by resignation"]

1. e4 c5 2. c3 d5 3. exd5 Qxd5 4.
d4 Nc6 5. Nf3 Bf5 6. Be3 cxd4 7.
cxd4 Bxb1 8. Rxb1 e6 9. a3 Nf6 10. Bd3 Be7 11. O-O O-O 12. Qe2 Rac8 13. Rbd1 Rfd8 14.
Bb1 Bf8 15. Rfe1 Ne7 16. Bg5 Ng6 17. Bxf6 gxf6 18. Be4 Qd7 19. d5 exd5 20. Rxd5 Nf4 21. Rxd7 Nxe2+ 22. Rxe2 Rxd7 23. g4 Re7 24. Nh4 b5 25.
Nf5 Re5 26. f3 a5 27. Kf2 Rd8 28. Kg3 Rc5 29. h3 Rc1 30. Bc6 Rxc6 0-1

[Event "*** Titled Tuesday Blitz"]
[Site "Chess.com"]
[Date "2019.06.04"]
[Round "8"]
[White "FERNANDEZL1983"]
[Black "akretchetov"]
[Result "1-0"]
[WhiteElo "2442"]
[BlackElo "2356"]
[TimeControl "180+2"]
[EndTime "14:47:05 PDT"]
[Termination "FERNANDEZL1983 won by resignation"]

1. d4 d5 2. c4 e6 3. Nf3 Nf6 4. g3 Bb4+ 5. Bd2 Be7 6. Qc2 O-O 7. Bg2 c6 8. O-O Nbd7 9. b3 Ne4 10. Nc3 f5 11.
Rfd1 Qe8 12. Be1 Qh5 13. h4 h6 14. e3 g5 15. hxg5 hxg5 16. Ne2 Kg7 17. b4 Rh8 18.
b5 g4 19. Nf4 Qh6 20. Nh4 Bxh4 21. gxh4 Qxh4 22. bxc6 bxc6 23. Nxe6+ Kf6 24. Nc7 Rb8 25. cxd5 c5 26. dxc5 Ndxc5 27. Bc3+ Nxc3 28. Qxc3+ Kg6 29. Qxc5 Qh2+ 30. Kf1 Rb7 31. Qc6+ Kg5 32. Ne6+ Bxe6 33. Qxb7 Rb8 34. Qg7+ 1-0

[Event "*** Titled Tuesday Blitz"]
[Site "Chess.com"]
[Date "2019.06.04"]
[Round "8"]
[White "ENEASZ"]
[Black "MarcoRiehle"]
[Result "0-1"]
[WhiteElo "2503"]
[BlackElo "2535"]
[TimeControl "180+2"]
[EndTime "14:47:08 PDT"]
[Termination "MarcoRiehle won by resignation"]

1. e4 e5 2. Nf3 Nf6 3. Nxe5 Nxe4 4. Qe2 Qe7 5. Qxe4 d6 6. d4 dxe5 7. Qxe5 Qxe5+ 8. dxe5 Bf5 9. Nc3 Nc6 10. Bg5 h6 11. Bh4 g5 12. Bg3 O-O-O 13. Bd3 Bxd3 14. cxd3 Rxd3 15.
Ke2 Rd8 16. Rhd1 Re8 17. Nd5 Bg7 18. Rac1 Bxe5 19. Bxe5 Rxe5+ 20. Kf1 Rd8 21. Ne3 Rxd1+ 22.
Rxd1 f5 23. g3 f4 24. gxf4 gxf4 25. Ng4 Re6 26. Rd5 f3 27. a3 a5 28. h4 Re4 29. Nxh6 Rxh4 0-1

[Event "*** Titled Tuesday Blitz"]
[Site "Chess.com"]
[Date "2019.06.04"]
[Round "8"]
[White "europa2012"]
[Black "Aknok"]
[Result "0-1"]
[WhiteElo "2159"]
[BlackElo "2428"]
[TimeControl "180+2"]
[EndTime "14:47:09 PDT"]
[Termination "Aknok won by resignation"]

1. d4 f5 2. Nc3 d5 3. Bf4 Nf6 4. e3 e6 5. Nf3 Bd6 6. Ne5 O-O 7.
Bd3 c5 8. O-O Nc6 9. Nb5 Bb8 10.
Nxc6 bxc6 11. Bxb8 Rxb8 12. Nc3 c4 13. Be2 Rxb2 14.
Na4 Rb8 15. Nc5 Ne4 16. Nxe4 fxe4 17. c3 e5 18. Qc2 exd4 19. cxd4 Qa5 20. f3 exf3 21. Bxf3 Bf5 22. Qc1 Bd3 23. Rf2 c3 24. Qe1 Qa3 25. Rc1 c2 26. Qd2 Rb1 0-1

[Event "*** Titled Tuesday Blitz"]
[Site "Chess.com"]
[Date "2019.06.04"]
[Round "8"]
[White "Saitama_Hero"]
[Black "BvsN"]
[Result "1-0"]
[WhiteElo "2445"]
[BlackElo "2281"]
[TimeControl "180+2"]
[EndTime "14:47:12 PDT"]
[Termination "Saitama_Hero won by resignation"]

1. d4 d5 2. c4 c6 3. cxd5 cxd5 4. Nc3 Nf6 5. f3 Nc6 6. e4 dxe4 7. d5 Ne5 8. fxe4 e6 9. Nf3 Nxf3+ 10. Qxf3 exd5 11.
e5 Ne4 12. Bb5+ Bd7 13. Rf1 f5 14. exf6 Nxf6 15. Qe2+ Qe7 16. Be3 d4 17. Bxd4 Bxb5 18. Nxb5 Qxe2+ 19. Kxe2 Kf7 20. Rac1 Re8+ 21. Kd3 a6 22. Rc7+ Kg6 23. Nc3 Re7 24. Rc8 Re8 25. Rxf6+ gxf6 26. Rxe8 1-0

[Event "*** Titled Tuesday Blitz"]
[Site "Chess.com"]
[Date "2019.06.04"]
[Round "8"]
[White "BillieKimbah"]
[Black "Zhuu96"]
[Result "1-0"]
[WhiteElo "2824"]
[BlackElo "2936"]
[TimeControl "180+2"]
[EndTime "14:47:13 PDT"]
[Termination "BillieKimbah won by resignation"]

1. c4 Nf6 2. Nc3 g6 3. g3 Bg7 4. Bg2 d6 5. d4 O-O 6. Nf3 Nc6 7. O-O a6 8. b3 Rb8 9. d5 Na7 10. Be3 c5 11. dxc6 Nxc6 12. Rc1 Ng4 13. Bf4 Bf5 14. h3 Nf6 15. Qd2 Qc8 16. g4 Ne4 17.
Nxe4 Bxe4 18. Bh6 Bxf3 19. exf3 Bxh6 20. Qxh6 e5 21. f4 Nd4 22. Rfe1 Re8 23. Bd5 Qd8 24. fxe5 dxe5 25. Re3 b5 26. Rce1 Nc2 27. Bxf7+ Kxf7 28. Qxh7+ Kf6 29. Rf3+ Kg5 30. h4+ 1-0

[Event "*** Titled Tuesday Blitz"]
[Site "Chess.com"]
[Date "2019.06.04"]
[Round "8"]
[White "pedro_gines"]
[Black "VeraNebolsina"]
[Result "1-0"]
[WhiteElo "2397"]
[BlackElo "2360"]
[TimeControl "180+2"]
[EndTime "14:47:18 PDT"]
[Termination "pedro_gines won by resignation"]

1. d4 Nf6 2. Nf3 g6 3. Bg5 Bg7 4. Nbd2 d6 5. c3 h6 6. Bh4 O-O 7. e4 Nc6 8. Be2 Nh5 9. d5 Nb8 10. O-O Nf4 11. Bc4 Nd7 12. Bg3 Nh5 13. Bh4 g5 14.
Bg3 Nxg3 15. hxg3 a6 16. Nd4 Ne5 17. Be2 e6 18. f4 Ng6 19. dxe6 fxe6 20. Bc4 d5 21.
exd5 exd5 22. Bd3 Qd6 23. Qh5 Rf6 24. fxg5 1-0

[Event "*** Titled Tuesday Blitz"]
[Site "Chess.com"]
[Date "2019.06.04"]
[Round "8"]
[White "xberli"]
[Black "axvesik"]
[Result "0-1"]
[WhiteElo "2458"]
[BlackElo "2385"]
[TimeControl "180+2"]
[EndTime "14:47:24 PDT"]
[Termination "axvesik won by resignation"]

1. e4 e6 2. d4 d5 3. Nc3 Bb4 4. e5 Qd7 5. a3 Bxc3+ 6. bxc3 b6 7. Qg4 f5 8. Qg3 Ba6 9. Bxa6 Nxa6 10. Qh4 Ne7 11.
Qh5+ Ng6 12. Bg5 c5 13. Ne2 Rc8 14. O-O cxd4 15. Nxd4 Rxc3 16. a4 Nc5 17. a5 O-O 18.
axb6 axb6 19. Rfe1 Rc4 20. Rad1 Ne4 21. f3 Nc3 22. Rd2 Nb5 23. Ne2 Rfc8 24. Be3 Nxe5 25.
Nf4 Nf7 26. Bxb6 Rxf4 27. Rde2 e5 28. g3 Rfc4 29. f4 e4 30. Rd2 Rxc2 0-1

[Event "*** Titled Tuesday Blitz"]
[Site "Chess.com"]
[Date "2019.06.04"]
[Round "8"]
[White "Aragon"]
[Black "H3nriqueTV"]
[Result "0-1"]
[WhiteElo "2055"]
[BlackElo "2189"]
[TimeControl "180+2"]
[EndTime "14:47:26 PDT"]
[Termination "H3nriqueTV won by resignation"]

1. e4 c5 2. Nf3 b6 3. d4 cxd4 4. Nxd4 Bb7 5. Nc3 a6 6. Be3 e6 7. Bd3 Qc7 8. O-O d6 9. f4 Nd7 10. e5 dxe5 11. fxe5 Qxe5 12. Qd2 Bc5 13. Nce2 Ngf6 14.
c3 O-O 15. Bf4 Qh5 16. Kh1 e5 17. Ng3 Qh4 18. Ndf5 Qg4 19. Be2 Qh3 20. Bf3 Bxf3 21. Rxf3 Qg4 22. h3 Qg6 23. Be3 Rfe8 24. Raf1 e4 25. Rf4 Rad8 26. Qe2 Bxe3 27. Nxe3 Qxg3 0-1

[Event "*** Titled Tuesday Blitz"]
[Site "Chess.com"]
[Date "2019.06.04"]
[Round "8"]
[White "MatthewG-p4p"]
[Black "FedaMaster"]
[Result "1-0"]
[WhiteElo "2784"]
[BlackElo "2567"]
[TimeControl "180+2"]
[EndTime "14:47:31 PDT"]
[Termination "MatthewG-p4p won on time"]

1. Nf3 Nf6 2. b3 g6 3. Bb2 Bg7 4. e3 d5 5. c4 c6 6. Be2 O-O 7. O-O a5 8. a3 Bf5 9. Nc3 Na6 10. d3 Qd6 11. Nd4 Bd7 12. Qc2 e5 13. Nf3 Rfe8 14.
Rfd1 Rac8 15. d4 e4 16. Ne5 Be6 17. Rac1 h5 18. Na4 Nh7 19. Qc3 Bf5 20. Qxa5 1-0

[Event "*** Titled Tuesday Blitz"]
[Site "Chess.com"]
[Date "2019.06.04"]
[Round "8"]
[White "DivyaDeshmukh23"]
[Black "nitpicker"]
[Result "1-0"]
[WhiteElo "2384"]
[BlackElo "2197"]
[TimeControl "180+2"]
[EndTime "14:47:42 PDT"]
[Termination "DivyaDeshmukh23 won by resignation"]

1. e4 d5 2. exd5 Qxd5 3. Nc3 Qd8 4. Bc4 Nf6 5. d4 c6 6. Nf3 Bg4 7. Bxf7+ Kxf7 8. Ne5+ Kg8 9. Nxg4 Nbd7 10. O-O g6 11.
Re1 Bg7 12. Bg5 h6 13. Bf4 Kh7 14. Ne5 Nxe5 15. Bxe5 Qd7 16. Qd3 Rad8 17. Rad1 Qf5 18. Qe2 Rd7 19. h3 Rhd8 20. Rd3 g5 21. Rg3 Nd5 22.
Bxg7 Nf4 23. Qe5 Qg6 24. Bxh6 Kxh6 25. h4 Rxd4 26. hxg5+ Kh7 27. Rg4 Ne6 28. Rxd4 Nxd4 29. Qxe7+ 1-0

[Event "*** Titled Tuesday Blitz"]
[Site "Chess.com"]
[Date "2019.06.04"]
[Round "8"]
[White "penguingm1"]
[Black "kleinebeer98"]
[Result "0-1"]
[WhiteElo "2899"]
[BlackElo "2745"]
[TimeControl "180+2"]
[EndTime "14:47:49 PDT"]
[Termination "kleinebeer98 won by checkmate"]

1. d4 d5 2. Bf4 c5 3. e4 cxd4 4. Qxd4 Nf6 5. Bxb8 Rxb8 6. e5 Nd7 7. Qxd5 e6 8. Qe4 Qb6 9. b3 Bc5 10. Nh3 Bd4 11.
c3 Bxe5 12. Bd3 Nc5 13. Qe2 O-O 14. Bxh7+ Kxh7 15. Qh5+ Kg8 16. Ng5 Nd3+ 17. Kf1 Qxf2# 0-1

[Event "*** Titled Tuesday Blitz"]
[Site "Chess.com"]
[Date "2019.06.04"]
[Round "8"]
[White "IMDT02"]
[Black "Thee-Chessboy"]
[Result "1-0"]
[WhiteElo "2479"]
[BlackElo "2432"]
[TimeControl "180+2"]
[EndTime "14:47:58 PDT"]
[Termination "IMDT02 won by checkmate"]

1. d4 Nf6 2. c4 g6 3. Nc3 Bg7 4. e4 d6 5. f3 O-O 6. Be3 e5 7. Nge2 Nbd7 8. Qd2 Re8 9. d5 Rf8 10. g4 Ne8 11. O-O-O Nb6 12. Ng3 Bd7 13. h4 c5 14.
h5 Na4 15. Nxa4 Bxa4 16. b3 Bd7 17. Qh2 g5 18. h6 Bh8 19. Qh5 f6 20. Nf5 b5 21.
cxb5 Rb8 22. Kb1 Bxb5 23. Bxb5 Rxb5 24. Rc1 a5 25. Rc4 Nc7 26. Rhc1 Na6 27. Bd2 Nb4 28. R1c3 Rf7 29. a3 Na6 30. Ka2 Rfb7 31. Rd3 Nb8 32. Ra4 Na6 33. Rxa5 Rxa5 34. Bxa5 Qxa5 35. Qe8# 1-0

[Event "*** Titled Tuesday Blitz"]
[Site "Chess.com"]
[Date "2019.06.04"]
[Round "8"]
[White "Kawhi_Leonard2"]
[Black "velemajstor767276"]
[Result "0-1"]
[WhiteElo "2297"]
[BlackElo "2536"]
[TimeControl "180+2"]
[EndTime "14:47:59 PDT"]
[Termination "velemajstor767276 won by resignation"]

1. e4 e6 2. d4 d5 3. Nd2 Nf6 4. e5 Nfd7 5. Bd3 c5 6. c3 Nc6 7. Ne2 cxd4 8. cxd4 f6 9. exf6 Nxf6 10. Nf3 Bd6 11. O-O O-O 12. Bf4 Bxf4 13. Nxf4 Ne4 14.
Qc1 Ng5 15. Nxg5 Qxg5 16. Bxh7+ Kxh7 17. Nxe6 Qf6 18. Nxf8+ Qxf8 19. Qe3 Qf6 20. Rad1 Bf5 21. Rfe1 Rf8 22. f3 Na5 23. Qe7 Rf7 24. Qxf6 gxf6 25. g4 Bd7 26. Kf2 Kg6 27. h4 Nc6 28. Kg3 f5 29. h5+ Kh6 30. Kh4 fxg4 31. fxg4 Rf4 32.
Rg1 Nxd4 33. Rdf1 Nf5+ 34. Kh3 Rxf1 35. Rxf1 Ne3 36. Rf7 Bxg4+ 37. Kh4 Bxh5 38. Rxb7 Nf5+ 39. Kh3 d4 40. Rxa7 Kg5 41. Rd7 Kf4 42. a4 Ke3 43. a5 d3 44. a6 d2 45. a7 Bf3 0-1

[Event "*** Titled Tuesday Blitz"]
[Site "Chess.com"]
[Date "2019.06.04"]
[Round "8"]
[White "VerdeNotte"]
[Black "Firegrizzly"]
[Result "1-0"]
[WhiteElo "2782"]
[BlackElo "2685"]
[TimeControl "180+2"]
[EndTime "14:47:59 PDT"]
[Termination "VerdeNotte won by resignation"]

1. e4 c5 2. Nf3 Nc6 3. b4 Nxb4 4. c3 Nc6 5. d4 d5 6. exd5 Qxd5 7. Be3 Nf6 8. c4 Qd8 9. d5 Na5 10. Bxc5 b6 11. Bb4 e6 12. Bxf8 Kxf8 13. Nc3 exd5 14. Be2 Ba6 15. cxd5 Bxe2 16. Qxe2 Qc7 17. Nb5 Qd7 18.
O-O Re8 19. Ne5 Qxd5 20. Rfe1 Nc6 21. Nc7 Qxe5 22. Nxe8 Qxe2 23. Rxe2 Nxe8 24. Rc1 Nd4 25. Rxe8+ Kxe8 26. Rc8+ Kd7 27. Rxh8 Ne2+ 28. Kf1 Nc3 29. Rxh7 Nxa2 30. Rxg7 Ke7 31. h4 Kf6 32. Rg3 Nb4 33.
h5 Nc6 34. h6 Ne5 35. h7 1-0

[Event "*** Titled Tuesday Blitz"]
[Site "Chess.com"]
[Date "2019.06.04"]
[Round "8"]
[White "LarissaSteenbekkers"]
[Black "LuisFSiles"]
[Result "1-0"]
[WhiteElo "1981"]
[BlackElo "2158"]
[TimeControl "180+2"]
[EndTime "14:47:59 PDT"]
[Termination "LarissaSteenbekkers won by resignation"]

1. e4 c5 2. Nf3 Nc6 3. d4 cxd4 4. Nxd4 Nf6 5. Nc3 e5 6. Ndb5 d6 7. Bg5 a6 8. Na3 b5 9. Nd5 Be7 10. Bxf6 Bxf6 11. c3 O-O 12. Nc2 Rb8 13. Be2 Bg5 14. O-O Be6 15. Qd3 Ne7 16. Nxe7+ Qxe7 17. Rfd1 Rfd8 18. Nb4 Qb7 19. Nd5 Rbc8 20. Qg3 Bh6 21. Bg4 Rc5 22. Bf3 Bg4 23. Qxg4 1-0

[Event "*** Titled Tuesday Blitz"]
[Site "Chess.com"]
[Date "2019.06.04"]
[Round "8"]
[White "ChainsOfFantasia"]
[Black "Jahonas"]
[Result "1-0"]
[WhiteElo "2500"]
[BlackElo "2333"]
[TimeControl "180+2"]
[EndTime "14:48:00 PDT"]
[Termination "ChainsOfFantasia won by resignation"]

1. Nc3 Nf6 2. e4 e5 3. Nf3 Nc6 4. Bb5 d6 5. d4 exd4 6. Nxd4 Bd7 7. Bxc6 bxc6 8. O-O Be7 9. f4 c5 10. Nf3 O-O 11. e5 dxe5 12. fxe5 Ne8 13. Be3 Rb8 14. b3 Qc8 15. Qe1 Be6 16. Qg3 Rb4 17. h3 f5 18.
Ng5 h6 19. Nxe6 Qxe6 20. a3 Bh4 21. Qf3 Rb8 22. Bxc5 Rf7 23. Qd5 Qxd5 24. Nxd5 c6 25. Nf4 Nc7 26. e6 1-0

[Event "*** Titled Tuesday Blitz"]
[Site "Chess.com"]
[Date "2019.06.04"]
[Round "8"]
[White "temus_galaktionov"]
[Black "lachesisQ"]
[Result "1-0"]
[WhiteElo "2730"]
[BlackElo "3042"]
[TimeControl "180+2"]
[EndTime "14:48:03 PDT"]
[Termination "temus_galaktionov won by resignation"]

1. d4 Nf6 2. Nf3 g6 3. c4 Bg7 4. Nc3 d5 5. cxd5 Nxd5 6. e4 Nxc3 7. bxc3 c5 8. Be3 Qa5 9. Qd2 O-O 10. Rc1 Nd7 11.
Bd3 e5 12. dxe5 Nxe5 13. Nxe5 Bxe5 14. Bc4 Be6 15. Bxe6 fxe6 16. O-O Rad8 17. Qe2 Qc7 18. g3 b6 19. f4 Bg7 20. e5 Qc6 21. Rfd1 c4 22.
Rd4 Rxd4 23. Bxd4 Rd8 24. Rd1 Bf8 25. h4 a5 26. h5 b5 27. Qg4 Kf7 28. Qg5 Rd7 29.
hxg6+ hxg6 30. Qf6+ Kg8 31. Kf2 Rh7 32. Qxg6+ Bg7 33.
Ba7 Rh2+ 34. Ke3 Qc7 35. Qxe6+ Kh7 36. Rd7 1-0

[Event "*** Titled Tuesday Blitz"]
[Site "Chess.com"]
[Date "2019.06.04"]
[Round "8"]
[White "pultineviciuspaulius"]
[Black "GelmanAlexander"]
[Result "1-0"]
[WhiteElo "2725"]
[BlackElo "2599"]
[TimeControl "180+2"]
[EndTime "14:48:09 PDT"]
[Termination "pultineviciuspaulius won by resignation"]

1. b3 c5 2. Bb2 Nf6 3. e3 e6 4. Nf3 Be7 5. d4 O-O 6. Be2 cxd4 7.
exd4 b6 8. O-O Bb7 9. c4 d6 10. Nc3 Nbd7 11. a4 a6 12. a5 bxa5 13. Qc2 Qb6 14.
Rfd1 Rfc8 15. Ra2 Nb8 16. d5 exd5 17. Nd4 dxc4 18. Bxc4 d5 19. Nf5 Bf8 20. Bd3 Nc6 21. Nxd5 Nxd5 22. Nh6+ Kh8 23. Nxf7+ Kg8 24. Bxh7+ Kxf7 25. Qg6+ Ke7 26. Rxd5 Qb4 27. Ba3 Rd8 28. Re2+ 1-0

[Event "*** Titled Tuesday Blitz"]
[Site "Chess.com"]
[Date "2019.06.04"]
[Round "8"]
[White "TonRicher"]
[Black "Vamostodorecto"]
[Result "0-1"]
[WhiteElo "2347"]
[BlackElo "2418"]
[TimeControl "180+2"]
[EndTime "14:48:14 PDT"]
[Termination "Vamostodorecto won by resignation"]

1. d4 d5 2. c4 dxc4 3. e4 b5 4.
a4 c6 5. axb5 cxb5 6. Nc3 a6 7.
Nxb5 axb5 8. Rxa8 Bb7 9. Ra1 e6 10. Nf3 Bxe4 11. Be2 Nc6 12. Be3 Bb4+ 13. Kf1 Nf6 14. b3 Bc3 15. Rc1 Bb2 16. bxc4 Bxc1 17. Qxc1 b4 18. Qb2 O-O 19. Nd2 Qa5 20. f3 Bg6 21. Kf2 Ra8 22. h4 h5 23. Qb3 Qa3 24.
Rd1 Qxb3 25. Nxb3 Bc2 26. d5 exd5 27. cxd5 Bxb3 28. Rh1 Bxd5 0-1

[Event "*** Titled Tuesday Blitz"]
[Site "Chess.com"]
[Date "2019.06.04"]
[Round "8"]
[White "chorejason"]
[Black "jamengrand"]
[Result "0-1"]
[WhiteElo "2235"]
[BlackElo "2134"]
[TimeControl "180+2"]
[EndTime "14:48:17 PDT"]
[Termination "jamengrand won by resignation"]

1. e4 e6 2. d4 d5 3. Nd2 h6 4. Bd3 c5 5. c3 cxd4 6. cxd4 Nc6 7. Ne2 dxe4 8. Nxe4 Be7 9. O-O Nf6 10. N2c3 Nxd4 11. Be3 Nf5 12. Nxf6+ Bxf6 13. Bc5 Be7 14. Bxe7 Nxe7 15. Qf3 O-O 16. Rfd1 Qa5 17. Ne4 Ng6 18. Qg3 Qe5 19. f4 Qxf4 20. Qe1 b6 21. g3 Qe5 22.
Qf2 Bb7 23. Nd6 Qxd6 24. Bxg6 Qc6 25. Kf1 fxg6 0-1

[Event "*** Titled Tuesday Blitz"]
[Site "Chess.com"]
[Date "2019.06.04"]
[Round "8"]
[White "fish7728"]
[Black "SimonKnightRivendell"]
[Result "1-0"]
[WhiteElo "2238"]
[BlackElo "1998"]
[TimeControl "180+2"]
[EndTime "14:48:17 PDT"]
[Termination "fish7728 won by resignation"]

1. d4 d5 2. c4 e5 3. dxe5 d4 4. e4 Nc6 5. f4 Nxe5 6. fxe5 Qh4+ 7. Kd2 Bb4+ 8. Kc2 Qxe4+ 9. Qd3 Qc6 10. Nf3 Ne7 11.
Nxd4 Qg6 12. Qxg6 hxg6 13. Nc3 Bc5 14. Be3 Nf5 15. Nxf5 Bxf5+ 16. Kd2 O-O-O+ 17. Ke2 Bg4+ 18. Kf2 Rd2+ 19. Be2 Bxe2 20. Nxe2 Bxe3+ 21. Kxe3 Rxb2 22. h3 Rd8 23. Rhd1 Rxd1 24. Rxd1 Rxa2 25. Rd2 Ra5 26. Kf4 Rc5 27. Rd4 a5 28. Nc3 c6 29. Na4 g5+ 30.
Kf5 1-0

[Event "*** Titled Tuesday Blitz"]
[Site "Chess.com"]
[Date "2019.06.04"]
[Round "8"]
[White "x-5963514717"]
[Black "toog"]
[Result "1-0"]
[WhiteElo "2504"]
[BlackElo "2331"]
[TimeControl "180+2"]
[EndTime "14:48:19 PDT"]
[Termination "x-5963514717 won by resignation"]

1. Nf3 Nf6 2. g3 g6 3. Bg2 Bg7 4. O-O O-O 5. d4 d6 6. b3 c5 7.
c4 cxd4 8. Nxd4 d5 9. cxd5 Nxd5 10. Bb2 Nb6 11. e3 e5 12. Nb5 Nc6 13. Ba3 Re8 14. N1c3 Be6 15. Qe2 f5 16. Rad1 Qg5 17. Nc7 e4 18.
N3b5 Ne5 19. Nxa8 Rxa8 20. Nc7 Bf7 21. Nxa8 h5 22. Nxb6 axb6 23. Bb2 Nf3+ 24. Kh1 Bxb2 25. Qxb2 h4 26. Bxf3 exf3 27. Qd4 hxg3 28. Qd8+ Qxd8 29. Rxd8+ 1-0

[Event "*** Titled Tuesday Blitz"]
[Site "Chess.com"]
[Date "2019.06.04"]
[Round "8"]
[White "WPWPWP-2015"]
[Black "nocnypako"]
[Result "0-1"]
[WhiteElo "2431"]
[BlackElo "2564"]
[TimeControl "180+2"]
[EndTime "14:48:22 PDT"]
[Termination "nocnypako won by checkmate"]

1. e4 c5 2. Nf3 d6 3. d4 cxd4 4.
Nxd4 Nf6 5. Nc3 a6 6. h3 e6 7. Be3 d5 8. exd5 Nxd5 9. Nxd5 Qxd5 10. Qd2 Nc6 11. Nxc6 Qxc6 12. O-O-O Be7 13. Bd3 O-O 14. Bd4 Qd5 15. Kb1 Kh8 16. Be2 Qc6 17. Bf3 Qc7 18.
Qe3 Bd7 19. Rd3 Bc6 20. Bb6 Qc8 21. Rhd1 Bxf3 22. Qxf3 Bf6 23. Rd7 Qc4 24. Rxb7 Rac8 25. c3 Rb8 26. Bd4 e5 27. Be3 e4 28. Rxb8 Rxb8 29.
Qf4 Rxb2+ 30. Ka1 Qxa2# 0-1

[Event "*** Titled Tuesday Blitz"]
[Site "Chess.com"]
[Date "2019.06.04"]
[Round "8"]
[White "BillForster"]
[Black "chesstatour"]
[Result "0-1"]
[WhiteElo "1757"]
[BlackElo "2037"]
[TimeControl "180+2"]
[EndTime "14:48:27 PDT"]
[Termination "chesstatour won by resignation"]

1. d4 Nf6 2. c4 d6 3. Nc3 g6 4. e4 Bg7 5. Bd3 O-O 6. Nge2 c5 7. d5 e6 8. O-O e5 9. f4 exf4 10. Nxf4 Re8 11. Bd2 Nbd7 12. Qc2 Ne5 13. Rae1 a6 14. Kh1 Bd7 15. Rf2 Nfg4 16. Rfe2 Rc8 17. Nh3 b5 18. b3 b4 19. Nd1 a5 20. Ne3 Nxd3 21. Qxd3 Ne5 22.
Nf4 Nxd3 0-1

[Event "*** Titled Tuesday Blitz"]
[Site "Chess.com"]
[Date "2019.06.04"]
[Round "8"]
[White "Eliwood44"]
[Black "SloLev"]
[Result "0-1"]
[WhiteElo "2347"]
[BlackElo "2494"]
[TimeControl "180+2"]
[EndTime "14:48:27 PDT"]
[Termination "SloLev won by resignation"]

1. d4 Nf6 2. Nf3 e6 3. c4 d5 4.
g3 c6 5. Bg2 Bd6 6. O-O O-O 7.
Nfd2 Nbd7 8. Nc3 Qe7 9. e4 dxe4 10. Ndxe4 Bc7 11. Re1 Rd8 12. Qc2 Nxe4 13. Nxe4 h6 14. b3 b6 15. Bb2 Bb7 16. c5 bxc5 17. dxc5 Nb8 18. Qc3 f6 19. Bh3 e5 20. Qc4+ Kh8 21.
Qe2 Na6 22. Rac1 Nb4 23. Rc4 Ba6 24. Qh5 Bxc4 25. bxc4 Nd3 26. Qg6 Qe8 27. Qf5 Qf7 28. Re2 Rab8 29. Bc3 Rb1+ 30. Kg2 g6 31. Qxf6+ Qxf6 32. Nxf6 Rc1 33. Bd2 Rc2 34. Ne4 Ba5 35. Bxa5 Rxe2 36.
Bxd8 Rxe4 37. Be6 Nxc5 38. Bf6+ Kh7 39. Bf7 Nd3 40. h4 Re2 0-1

[Event "*** Titled Tuesday Blitz"]
[Site "Chess.com"]
[Date "2019.06.04"]
[Round "8"]
[White "rasmussvane"]
[Black "Polish_fighter3000"]
[Result "0-1"]
[WhiteElo "2890"]
[BlackElo "3015"]
[TimeControl "180+2"]
[EndTime "14:48:40 PDT"]
[Termination "Polish_fighter3000 won by resignation"]

1. Nf3 Nf6 2. c4 b6 3. g3 c5 4. Bg2 Bb7 5. O-O g6 6. Nc3 Bg7 7. d4 cxd4 8. Qxd4 O-O 9. Qh4 d6 10. Bh6 Nbd7 11. Rad1 Rc8 12. b3 Rc5 13. Bxg7 Kxg7 14.
b4 Rc7 15. Nb5 Rc8 16. Nxa7 Ra8 17. Nb5 Rxa2 18. Nc3 Rb2 19. Rb1 Rxb1 20. Rxb1 Qa8 21. Qd4 Rc8 22. Rd1 Ne5 23. Qxb6 Nxc4 24. Qd4 e5 25. Qh4 h6 26. Nb5 Qa4 27. Nc3 Qxb4 28.
Rb1 Qxc3 29. Rxb7 g5 30. Rxf7+ Kxf7 31. Qxh6 Qc1+ 32. Bf1 Rg8 33. h4 Nd2 34. Nxd2 Qxd2 35. e3 Qxf2+ 0-1